Map: Blueshift LE

Players

Reynor

  • Race: Zerg Zerg
  • League: Master
  • Spawn Location: 7:00

lIIllllIIlll (INnoVation) - Winner!

  • Race: Terran Terran
  • League: Master
  • Spawn Location: 1:00

Event: HomeStory Cup XVIII

VOD

Have the link to the VOD?

Description

Time

  • Played on: Nov. 22, 2018, 3:48 p.m.
  • Length: 23:20

All games in this series

Show
View Real Time Build Order
Export as new Build Order

Reynor Zerg 

Build Orders: Pool First 

Get SALT Encoding   

  12  0:01  Drone  
  13  0:12  Overlord  
  13  0:16  Drone  
  14  0:31  Drone x2  
  16  0:40  Spawning Pool  
  15  0:44  Drone  
  15  0:48  Drone  
  17  1:08  Hatchery  
  16  1:16  Drone  
  17  1:27  Zergling x4  
  17  1:28  Zergling x2  
  17  1:31  Queen  
  22  1:37  Extractor  
  22  1:39  Overlord  
  21  1:49  Drone  
  22  1:57  Spine Crawler  
  21  2:03  Zergling x2  
  21  2:07  Queen  
  24  2:11  Zergling x2  
  25  2:20  Zergling x2  
  25  2:21  Queen  
  28  2:24  Zergling x2  
  29  2:36  Zergling x4  
  32  2:39  Drone  
  32  2:40  Drone x2  
  32  2:42  Overlord  
  34  2:47  Drone  
  31  2:53  Zergling x2  
  31  2:55  Zergling x2  
  30  3:04  Zergling x2  
  28  3:06  Zergling x2  
  28  3:12  Zergling x6  
  32  3:15  Zergling x2  
  32  3:18  Zergling x2  
  34  3:26  Zergling x2  
  35  3:28  Zergling x2  
  33  3:34  Metabolic Boost  
  33  3:36  Drone  
  33  3:37  Drone  
  33  3:47  Queen  
  32  3:48  Drone  
  32  3:50  Drone  
  34  3:58  Drone  
  34  3:59  Drone  
  34  4:02  Queen  
  38  4:09  Zergling x2  
  39  4:11  Zergling x2  
  40  4:20  Overlord  
  40  4:21  Drone  
  41  4:31  Drone  
  41  4:34  Zergling x6  
  41  4:35  Overlord  
  41  4:42  Drone  
  41  4:43  Drone  
  43  4:51  Hatchery  
  43  4:52  Zergling x2  
  43  4:54  Zergling x2  
  43  4:58  Queen  
  43  4:59  Spore Crawler  
  45  5:03  Zergling x2  
  45  5:05  Zergling x2  
  47  5:09  Zergling x2  
  47  5:10  Zergling x4  
  47  5:12  Zergling x2  
  47  5:13  Zergling x2  
  52  5:15  Overlord  
  52  5:23  Overlord  
  52  5:27  Drone  
  52  5:28  Drone x2  
  51  5:33  Queen  
  53  5:43  Zergling x6  
  53  5:46  Overlord  
  53  5:47  Drone x3  
  59  5:51  Overlord  
  59  5:57  Overlord, Drone  
  59  6:03  Drone  
  59  6:05  Queen  
  59  6:07  Drone x2  
  59  6:10  Drone x2  
  59  6:11  Drone  
  66  6:16  Drone x2  
  66  6:17  Drone  
  69  6:23  Queen  
  71  6:26  Drone  
  71  6:28  Overlord  
  71  6:29  Drone  
  73  6:35  Drone  
  73  6:36  Drone  
  73  6:39  Drone  
  77  6:40  Drone x3  
  77  6:43  Evolution Chamber  
  77  6:44  Evolution Chamber  
  77  6:45  Drone x2  
  76  6:55  Drone  
  76  6:56  Extractor, Lair  
  76  6:57  Drone x4  
  76  6:59  Extractor, Drone  
  76  7:00  Drone x2  
  82  7:01  Zergling x2  
  82  7:07  Zergling x2  
  84  7:08  Zerg Ground Armor Level 1  
  84  7:16  Drone x3  
  84  7:17  Zerg Melee Weapons Level 1  
  84  7:19  Zergling x6  
  84  7:22  Zergling x2  
  90  7:25  Overlord, Hatchery  
  90  7:28  Zergling x6  
  90  7:29  Zergling x2  
  92  7:32  Extractor  
  92  7:33  Drone  
  92  7:34  Drone, Baneling Nest  
  92  7:35  Drone x2  
  94  7:38  Drone  
  94  7:40  Drone  
  94  7:43  Extractor  
  94  7:46  Zergling x2  
  94  7:49  Zergling x2  
  93  7:52  Zergling x6  
  93  7:53  Zergling x6  
  93  7:57  Overlord  
  97  8:03  Zergling x2  
  97  8:04  Zergling x4  
  100  8:08  Zergling x2  
  100  8:10  Drone  
  100  8:12  Zergling x6  
  105  8:15  Overlord, Hatchery  
  105  8:17  Centrifical Hooks  
  105  8:18  Baneling  
  105  8:19  Baneling x3  
  104  8:20  Zergling x2  
  104  8:23  Zergling x2  
  104  8:27  Zergling x2  
  107  8:29  Hydralisk Den  
  107  8:30  Drone  
  107  8:32  Zergling x2  
  110  8:34  Zergling x6  
  110  8:38  Baneling x4  
  110  8:40  Zergling x10  
  115  8:41  Overseer  
  115  8:47  Zergling x6  
  107  8:49  Drone x2  
  107  8:50  Drone  
  107  8:54  Overlord  
  109  8:59  Drone x2  
  109  9:01  Drone  
  111  9:04  Drone x3  
  111  9:08  Zergling x4  
  111  9:14  Zergling x4  
  110  9:20  Zergling x6  
  110  9:21  Overlord  
  110  9:22  Zergling x2  
  110  9:23  Zergling x8  
  110  9:24  Zerg Melee Weapons Level 2, Zerg Ground Armor Level 2  
  113  9:25  Muscular Augments  
  113  9:26  Zergling x8  
  113  9:30  Zergling x2  
  113  9:33  Baneling  
  113  9:34  Hydralisk x3, Baneling x7  
  119  9:42  Hydralisk x2  
  123  9:47  Hydralisk x2  
  123  9:50  Hatchery  
  126  9:54  Zergling x4  
  126  9:56  Hydralisk x3  
  126  9:57  Zergling x2  
  135  10:02  Overlord, Hydralisk  
  135  10:03  Zergling x6  
  135  10:05  Hydralisk  
  142  10:12  Hydralisk  
  142  10:13  Hydralisk, Zergling x6  
  145  10:17  Hydralisk  
  145  10:20  Hydralisk  
  145  10:21  Hydralisk, Zergling x6  
  145  10:23  Hydralisk  
  151  10:30  Zergling x8  
  151  10:32  Drone x2  
  151  10:34  Zergling x2  
  151  10:40  Drone x2, Grooved Spines  
  151  10:41  Drone x2, Hydralisk  
  151  10:42  Extractor, Hydralisk  
  157  10:44  Overlord  
  157  10:56  Drone  
  158  10:58  Overlord x2  
  158  11:02  Infestation Pit  
  158  11:04  Drone x12  
  160  11:09  Zergling x6  
  172  11:12  Overlord  
  172  11:23  Zergling x22  
  173  11:26  Hydralisk x2, Zergling x2  
  173  11:27  Zergling x6  
  173  11:30  Zergling x8  
  184  11:36  Zergling x4  
  184  11:39  Overseer, Zergling x8  
  189  11:40  Hydralisk  
  189  11:43  Overseer, Spore Crawler  
  189  11:45  Drone  
  189  11:46  Drone x2  
  178  11:47  Drone x4  
  178  11:48  Drone x2, Zergling x2  
  187  11:54  Drone x2  
  187  11:56  Drone  
  187  11:59  Drone x2  
  187  12:00  Spore Crawler  
  187  12:01  Drone  
  190  12:02  Zergling x4  
  190  12:08  Zergling x8  
  196  12:13  Baneling x6  
  196  12:14  Baneling x8  
  196  12:15  Hive  
  196  12:17  Zerg Missile Weapons Level 1  
  196  12:18  Spire  
  195  12:23  Overlord  
  195  12:29  Baneling  
  192  12:30  Baneling x7  
  192  12:31  Zergling x6  
  195  12:41  Zergling x6  
  195  12:42  Zergling x2  
  195  12:43  Overlord  
  199  12:51  Overlord  
  197  12:55  Hydralisk, Zergling x2  
  197  12:56  Zergling x34  
  199  13:05  Spawning Pool  
  186  13:06  Hydralisk x5  
  186  13:07  Hydralisk x2  
  197  13:16  Drone  
  197  13:17  Drone x8  
  193  13:20  Extractor  
  193  13:21  Extractor  
  189  13:28  Overseer  
  181  13:46  Greater Spire  
  181  13:52  Zergling x2  
  181  13:53  Extractor, Adrenal Glands, Zergling x26  
  181  13:55  Zerg Ground Armor Level 3  
  191  14:06  Overseer, Baneling x10  
  189  14:11  Zergling x20  
  189  14:16  Zergling x10  
  194  14:24  Zergling x26  
  182  14:26  Hydralisk  
  191  14:40  Queen  
  189  14:46  Baneling x13  
  189  14:56  Baneling x7  
  187  15:05  Overseer  
  187  15:06  Hatchery  
  167  15:17  Corruptor x8  
  167  15:21  Zergling x24  
  172  15:22  Zergling x6  
  172  15:26  Zerg Flyer Weapons Level 1  
  172  15:27  Zergling x10  
  186  15:34  Overlord  
  184  15:36  Zergling x6  
  178  15:46  Zergling x2  
  178  15:47  Zergling x2  
  178  15:51  Brood Lord x5  
  178  15:52  Overlord x4, Brood Lord  
  181  16:08  Zergling x6  
  181  16:09  Zergling x12  
  179  16:11  Overlord  
  179  16:14  Zergling x4  
  179  16:15  Zergling x14  
  168  16:19  Hydralisk x2  
  168  16:20  Hydralisk, Zergling x2  
  146  16:25  Hydralisk  
  146  16:27  Hydralisk  
  146  16:28  Corruptor  
  146  16:30  Baneling x5  
  146  16:31  Drone x2, Baneling x4  
  141  16:37  Corruptor  
  141  16:38  Zergling x2  
  134  16:57  Hatchery  
  128  17:12  Zergling x8  
  128  17:13  Zergling x24  
  128  17:14  Overseer  
  139  17:16  Corruptor  
  139  17:17  Corruptor  
  137  17:24  Queen, Zergling x6  
  137  17:28  Pneumatized Carapace  
  142  17:40  Infestor x4  
  150  17:46  Infestor x2  
  154  17:53  Brood Lord  
  154  17:55  Brood Lord  
  157  18:03  Corruptor x2  
  161  18:18  Zergling x8  
  162  18:21  Brood Lord x2  
  162  18:32  Zergling x2  
  162  18:33  Zergling x10  
  163  18:37  Hatchery  
  143  18:59  Corruptor x3  
  143  19:00  Zergling x8  
  146  19:07  Zergling x12  
  144  19:22  Hatchery  
  143  19:26  Brood Lord  
  145  19:34  Brood Lord  
  133  20:05  Corruptor x3  
  133  20:07  Infestor x3  
  143  20:17  Extractor  
  143  20:18  Extractor  
  141  20:25  Corruptor  
  141  20:26  Zergling x8  
  141  20:28  Overseer  
  147  20:38  Corruptor, Zergling x4  
  147  20:42  Overlord  
  146  20:57  Brood Lord  
  146  21:03  Zergling x2  
  146  21:04  Zergling x8  
  144  21:12  Overseer  
  144  21:14  Hydralisk x3  
  144  21:15  Zergling x6  
  144  21:16  Zergling x2  
  139  21:40  Zergling x4  
  139  21:41  Zergling x8  
  139  21:45  Infestor x2  
  139  21:46  Zergling x8  
  136  21:47  Queen  
  136  21:48  Spore Crawler  
  136  21:50  Spore Crawler  
  136  22:08  Hatchery  
  135  22:09  Zergling x16  
  143  22:21  Hydralisk Den  
  140  22:28  Queen  
  125  22:43  Zergling x28  
  123  22:44  Baneling  
  123  22:45  Baneling x12  
  97  22:53  Hydralisk x3  
  95  23:03  Zergling x2  
Show
View Real Time Build Order
Export as new Build Order

lIIllllIIlll Terran - Winner!

Build Orders:  

Get SALT Encoding   

  12  0:00  SCV  
  13  0:12  SCV  
  14  0:19  Supply Depot  
  14  0:25  SCV  
  15  0:40  Barracks  
  15  0:51  Barracks  
  15  0:54  SCV  
  16  1:01  Refinery  
  16  1:06  SCV  
  17  1:18  SCV  
  18  1:27  Marine  
  18  1:30  Orbital Command  
  19  1:38  Marine  
  20  1:42  Supply Depot  
  20  1:45  Marine  
  21  1:55  SCV  
  21  1:56  Marine  
  23  2:04  Marine  
  23  2:07  Factory  
  24  2:12  Bunker  
  24  2:17  Marine  
  24  2:19  SCV  
  24  2:22  Marine  
  26  2:32  SCV  
  26  2:35  Marine  
  27  2:39  Supply Depot, Marine  
  28  2:50  SCV  
  27  2:57  Marine x2  
  29  3:00  Factory Reactor  
  29  3:02  SCV  
  29  3:14  Marine, SCV  
  29  3:15  Marine  
  29  3:35  SCV  
  29  3:36  Command Center  
  29  3:40  Hellion  
  28  3:42  Hellion  
  28  3:47  SCV  
  29  3:54  Starport  
  27  3:59  SCV  
  27  4:02  Widow Mine  
  30  4:03  Widow Mine  
  30  4:09  Refinery  
  32  4:11  SCV  
  33  4:18  Supply Depot  
  33  4:23  SCV  
  34  4:28  Hellion x2  
  38  4:35  SCV  
  37  4:39  Medivac  
  39  4:47  SCV  
  39  4:50  Hellion x2  
  44  4:59  SCV  
  45  5:10  Starport Tech Lab, Orbital Command  
  45  5:12  Hellion  
  47  5:14  Hellion, Barracks Tech Lab  
  47  5:17  SCV  
  47  5:18  Barracks Reactor  
  50  5:29  SCV  
  50  5:33  Stimpack, Banshee  
  50  5:34  Marine  
  55  5:41  SCV x2  
  57  5:47  Supply Depot  
  57  5:53  SCV x2  
  58  6:04  Command Center  
  58  6:05  SCV x2  
  60  6:12  Supply Depot  
  60  6:13  Supply Depot  
  60  6:16  Marine  
  60  6:17  Marine x2  
  60  6:18  SCV x2  
  61  6:22  Factory Reactor  
  61  6:30  Starport Reactor, SCV x2  
  61  6:34  Marine x2  
  61  6:35  Marine  
  63  6:42  SCV x2  
  63  6:43  Engineering Bay  
  63  6:44  Engineering Bay  
  65  6:54  SCV x2  
  65  6:57  Marine x3  
  65  6:58  Barracks  
  70  7:06  SCV  
  70  7:07  SCV  
  70  7:08  Medivac x2  
  76  7:10  Terran Infantry Weapons Level 1, Terran Infantry Armor Level 1  
  76  7:14  Refinery  
  76  7:16  Refinery  
  76  7:19  Marine x3  
  76  7:20  SCV x2  
  81  7:26  Orbital Command  
  81  7:29  Widow Mine  
  85  7:30  Widow Mine  
  85  7:32  SCV  
  85  7:33  SCV  
  87  7:38  Supply Depot  
  87  7:39  Combat Shield  
  87  7:40  Marine x2  
  89  7:53  Marine x3  
  89  7:56  Orbital Command  
  89  7:58  Marine  
  87  7:59  SCV x2  
  87  8:06  Widow Mine x2  
  87  8:08  Supply Depot  
  87  8:11  SCV  
  87  8:12  SCV  
  93  8:15  Armory  
  93  8:17  Supply Depot  
  93  8:23  Factory  
  93  8:24  Barracks x2  
  93  8:25  SCV x3  
  96  8:27  Marine x2  
  96  8:28  Marine x3  
  101  8:34  Medivac x2  
  101  8:35  Widow Mine x2  
  101  8:39  SCV x3  
  112  8:44  Supply Depot  
  112  8:45  Marine x2  
  112  8:46  Marine  
  113  8:51  SCV x3  
  102  8:57  Marine x2  
  104  9:03  Marine, SCV x2  
  104  9:04  SCV  
  104  9:06  Supply Depot  
  104  9:08  Terran Infantry Armor Level 2, Terran Infantry Weapons Level 2  
  108  9:11  Drilling Claws  
  108  9:12  Barracks Reactor  
  108  9:14  Barracks Reactor  
  105  9:18  SCV x2  
  100  9:26  Marine x2, Medivac x2  
  100  9:29  SCV  
  100  9:30  SCV  
  100  9:31  SCV, Unknown  
  105  9:34  Refinery  
  108  9:38  Widow Mine  
  108  9:39  Widow Mine x2  
  108  9:43  SCV x2  
  108  9:44  SCV  
  115  9:53  Terran Vehicle And Ship Armor Level 1  
  115  9:57  Marine  
  115  9:58  Marine x8  
  126  10:00  Widow Mine x3  
  126  10:05  Supply Depot, Medivac x2  
  126  10:06  Supply Depot  
  130  10:20  SCV x2  
  130  10:21  SCV  
  124  10:31  Command Center  
  124  10:33  Widow Mine  
  124  10:34  Widow Mine x2  
  119  10:36  SCV x2  
  119  10:37  SCV  
  119  10:38  Marine x9, Medivac x2  
  119  10:42  Supply Depot  
  132  10:50  SCV x3  
  132  10:56  Widow Mine x3  
  140  11:04  Marine x7, Marauder  
  149  11:13  Refinery  
  149  11:16  Medivac x2  
  149  11:17  Widow Mine  
  149  11:18  Widow Mine x2, Marine  
  159  11:21  Marine  
  159  11:22  Marine x4  
  160  11:25  Marauder  
  160  11:32  Marine x2  
  162  11:36  Marine  
  162  11:39  Widow Mine x2  
  165  11:42  Widow Mine  
  165  11:47  Marauder  
  165  11:48  SCV x3  
  165  11:49  Terran Infantry Weapons Level 3, Terran Infantry Armor Level 3  
  162  11:56  Marine x7  
  162  11:57  Marine  
  164  12:07  Widow Mine x2  
  164  12:08  Widow Mine, Marauder  
  172  12:12  Medivac  
  172  12:14  Sensor Tower  
  172  12:15  Planetary Fortress  
  174  12:21  Medivac  
  175  12:25  Supply Depot x2, Marine  
  177  12:30  Marauder, Marine x3  
  180  12:46  Marine  
  180  12:47  Widow Mine x3  
  187  12:53  Barracks  
  187  12:55  Barracks  
  187  12:56  SCV, Barracks  
  187  12:57  SCV x2  
  147  13:08  Widow Mine x3  
  147  13:09  SCV x3  
  147  13:12  Medivac  
  156  13:17  Marauder  
  156  13:21  SCV x2  
  156  13:24  Marine x6  
  156  13:27  SCV  
  156  13:30  Widow Mine x2  
  156  13:33  SCV  
  158  13:34  Marine x2  
  158  13:38  Marauder  
  158  13:40  Barracks Tech Lab  
  150  13:42  Barracks Tech Lab x2  
  150  13:43  Marine x4  
  150  13:44  Marine  
  150  13:46  Widow Mine  
  150  13:47  SCV  
  156  13:48  SCV  
  156  13:49  SCV  
  156  13:52  Marine  
  159  13:57  Widow Mine x2  
  159  13:59  Marauder  
  159  14:01  Marauder x2  
  169  14:04  Marine x5  
  169  14:08  Widow Mine  
  150  14:18  Widow Mine  
  150  14:19  Widow Mine, Marine  
  150  14:20  Marine x3  
  150  14:21  Marauder, Marine  
  150  14:22  Marine x4  
  156  14:24  SCV x3  
  156  14:29  Widow Mine, Medivac  
  156  14:30  Medivac  
  161  14:33  Marauder x2  
  161  14:36  SCV x3  
  161  14:37  Marine x2  
  161  14:38  Marine, Marauder  
  170  14:39  Marine x2  
  170  14:40  Widow Mine  
  170  14:43  Widow Mine  
  174  14:46  Command Center  
  174  14:48  SCV  
  174  14:50  Marauder  
  174  14:51  Widow Mine, Marine  
  180  14:54  Marauder  
  179  15:01  Widow Mine  
  179  15:03  Unknown  
  179  15:06  Widow Mine  
  177  15:07  Marauder x2  
  177  15:10  Marine x4  
  177  15:11  Marauder  
  177  15:12  Widow Mine  
  177  15:13  Marine x3  
  173  15:23  Widow Mine  
  173  15:28  Widow Mine  
  170  15:29  Medivac  
  170  15:30  Medivac  
  170  15:33  Widow Mine  
  170  15:34  Marauder x4  
  182  15:36  Marine  
  182  15:37  Marine  
  183  15:44  Marine  
  183  15:45  Marine x3  
  187  15:53  Widow Mine x2  
  187  15:55  Widow Mine  
  187  15:56  Command Center  
  190  15:58  Marine, Marauder x2  
  191  16:05  Marine  
  191  16:06  Marine  
  191  16:08  Marine  
  191  16:09  Marine  
  191  16:10  Marine x5  
  180  16:16  Marine  
  162  16:22  Marine  
  162  16:23  Marine x3  
  162  16:25  Unknown x4  
  157  16:26  Marine x2  
  157  16:28  Marine  
  157  16:31  Medivac x2  
  157  16:34  Marine  
  152  16:43  Widow Mine x3, Marine  
  149  16:48  SCV x3  
  149  16:53  Marine  
  151  16:58  Marine x4  
  155  17:01  Medivac x2  
  155  17:11  Planetary Fortress  
  155  17:13  SCV  
  155  17:14  SCV x2  
  155  17:15  Marine x6  
  152  17:16  Marine  
  152  17:17  Marine x5  
  152  17:25  SCV  
  152  17:26  SCV x2  
  155  17:30  Widow Mine x3  
  155  17:33  Marine  
  147  17:38  Medivac, SCV x3  
  147  17:39  Medivac  
  147  17:42  Marine x10  
  147  17:43  Marauder  
  166  17:50  SCV x2  
  168  17:52  Widow Mine x3  
  174  18:05  Marauder x3  
  178  18:06  Marine x7  
  178  18:10  Orbital Command  
  185  18:13  Medivac x2  
  185  18:18  Widow Mine x3  
  195  18:24  Supply Depot x2  
  194  18:28  Marauder x3  
  196  18:52  Marine x10  
  196  18:53  Medivac  
  196  18:54  Widow Mine x2, Medivac  
  196  18:55  Marine  
  200  18:56  Marine  
  175  19:08  Widow Mine  
  175  19:10  Marine x9  
  175  19:14  Unknown x2  
  175  19:15  Unknown x2  
  175  19:16  Widow Mine x2  
  180  19:24  Missile Turret  
  180  19:26  Medivac x2  
  180  19:27  Marauder, Marine  
  180  19:28  Marauder x2, Marine x4  
  180  19:29  Widow Mine, SCV  
  190  19:33  SCV x2  
  190  19:37  Widow Mine  
  194  19:40  Marine x4  
  194  19:45  Marine  
  190  19:46  Marine  
  190  19:50  Widow Mine x2  
  185  19:56  Marine  
  185  19:57  Marine x5  
  185  19:58  Widow Mine, Marine x4  
  179  20:03  Marine, Medivac x2  
  179  20:05  Marine  
  182  20:08  Bunker  
  182  20:13  Widow Mine  
  182  20:14  Widow Mine, Marine x2  
  186  20:15  Marine  
  186  20:16  Missile Turret  
  186  20:19  SCV x2  
  186  20:20  Widow Mine, SCV  
  194  20:24  Marine x5  
  191  20:35  Widow Mine x2  
  197  20:37  Marine x3  
  200  20:49  Marauder x2  
  200  20:52  Widow Mine  
  200  20:56  Widow Mine x2  
  197  21:01  Viking x2  
  197  21:08  Starport  
  197  21:09  Starport  
  192  21:14  Command Center  
  180  21:19  Marine x9  
  180  21:20  Marine  
  180  21:21  Widow Mine x3  
  180  21:22  SCV x3  
  197  21:32  Viking x2  
  191  21:46  Marine x2, Marauder  
  191  21:47  Marine, Marauder x2  
  192  21:50  Starport Reactor x2  
  192  21:52  Marine x6  
  192  21:57  Widow Mine x2  
  192  21:58  Widow Mine, SCV  
  192  21:59  SCV  
  200  22:05  Refinery  
  200  22:06  Viking, Refinery  
  197  22:16  Marine x5  
  200  22:34  Marine  
  200  22:35  Marine x2  
  200  22:36  Marine x2  
  200  22:37  Marine x7  
  181  22:38  Widow Mine x2  
  181  22:39  Widow Mine, Viking x2  
  168  22:52  Marine x3  
  168  22:54  Marine x3  
  168  22:55  Marine x6  
Tags
 
Add a new tag
Caveats
  • Supply blocks, unpowered buildings, or Contaminate may cause inaccurate times.
  • Supply counts are checked every 10 seconds.